 Dungeon Crawl Stone Soup version 0.30-a0-591-g3c58d2bc28 (webtiles) character file.

Game seed: 2403057546053246505

110 porpoise the Cutter (level 4, -3/41 HPs)
             Began as a Gnoll Cinder Acolyte on Jan 6, 2023.
             Was a High Priest of Ignis.
             Slain by a yak (5 damage)
             ... on level 4 of the Dungeon.
             The game lasted 00:16:26 (2622 turns).

porpoise the Cutter (Gnoll Cinder Acolyte)          Turns: 2622, Time: 00:16:27

Health: -3/41      AC: 13    Str: 13    XL:     4   Next: 91%
Magic:  18/18      EV: 16    Int: 21    God:    Ignis [*****.]
Gold:   196        SH:  0    Dex:  7    Spells: 6/9 levels left

rFire   + . .      SeeInvis .    a - -1 short sword (flame)
rCold   . . .      Faith    .    (no shield)
rNeg    . . .      Spirit   .    d - +0 leather armour
rPois   .          Reflect  .    k - +3 hat of Pondering {ponderous, Will+ MP+10 Int+5}
rElec   .          Harm     .    (no cloak)
rCorr   .          Rampage  .    (no gloves)
Will    ++...                    (no boots)
Stlth   +                        (no amulet)
HPRegen 0.26/turn                c - ring of willpower
MPRegen 0.16/turn                g - +5 ring of evasion

@: fiery-armoured, slow
A: fangs 1, strong nose, distributed training
a: Renounce Religion, Fiery Armour, Foxfire Swarm, Rising Flame


You were on level 4 of the Dungeon.
You worshipped Ignis.
Ignis was extremely pleased with you.
You visited 1 branch of the dungeon, and saw 4 of its levels.

You collected 196 gold pieces.

Inventory:

Hand Weapons
 a - a -1 short sword of flaming (weapon)
 b - a +0 sling
Armour
 d - a +0 leather armour (worn)
 k - the +3 hat of Pondering (worn) {ponderous, Will+ MP+10 Int+5}
   (You found it on level 2 of the Dungeon)

   Int:       It affects your intelligence (+5).
   MP:        It affects your magic capacity (+10).
   Will:      It increases your willpower.
Jewellery
 c - a ring of willpower (left hand)
 g - a +5 ring of evasion (right hand)
 q - a ring of flight
Scrolls
 e - a scroll of immolation {unknown}
 h - a scroll of blinking {unknown}
 j - a scroll of vulnerability {unknown}
 l - a scroll of fear {unknown}
 n - a scroll of teleportation {unknown}
 p - a scroll of identify {unknown}
 r - a scroll of poison {unknown}
Potions
 f - a potion of brilliance {unknown}
 i - a potion of curing {unknown}
 m - a potion of flight {unknown}
 o - a potion of heal wounds {unknown}


   Skills:
 + Level 6.6 Fighting
 + Level 6.6 Short Blades
 + Level 1.3 Long Blades
 + Level 1.3 Axes
 + Level 1.3 Maces & Flails
 + Level 1.3 Polearms
 + Level 1.3 Staves
 + Level 1.3 Ranged Weapons
 + Level 1.3 Throwing
 + Level 1.3 Armour
 + Level 1.3 Dodging
 + Level 1.3 Stealth
 + Level 1.3 Shields
 + Level 1.3 Unarmed Combat
 + Level 3.1 Spellcasting
 + Level 1.1 Conjurations
 + Level 1.1 Hexes
 + Level 1.1 Summonings
 + Level 1.1 Necromancy
 + Level 1.1 Translocations
 + Level 1.1 Transmutations
 + Level 5.5 Fire Magic
 + Level 1.1 Ice Magic
 + Level 1.1 Air Magic
 + Level 1.1 Earth Magic
 + Level 1.1 Poison Magic
 + Level 1.5 Invocations
 + Level 1.3 Evocations


You had 6 spell levels left.
You knew the following spells:

 Your Spells              Type           Power      Damage    Failure   Level
a - Foxfire               Conj/Fire      68%        2x1d7     4%          1
b - Scorch                Fire           52%        2d7       2%          2

Your spell library contained the following spells:

 Spells                   Type           Power      Damage    Failure   Level
 Sting                    Tmut/Pois      28%        1d4       11%         1
 Poisonous Vapours        Pois/Air       14%        N/A       16%         2
 Static Discharge         Conj/Air       14%        2-3/arc   16%         2
 Kindle Blastsparks       Fire/Tloc/Air  28%        2d12      17%         3
 Gell's Gravitas          Tloc           7%         N/A       32%         3
 Lesser Beckoning         Tloc           14%        N/A       32%         3
 Teleport Other           Tloc           7%         N/A       32%         3
 Vhi's Electric Charge    Tloc/Air       14%        N/A       32%         3
 Fulminant Prism          Conj/Hex       3%         3d5       71%         4
 Iskenderun's Mystic Bla  Conj/Tloc      7%         2d4       71%         4
 Olgreb's Toxic Radiance  Pois           7%         N/A       71%         4
 Fireball                 Conj/Fire      8%         3d6       75%         5
 Arcjolt                  Conj/Air       3%         1d13      96%         5
 Lee's Rapid Deconstruct  Erth           3%         3d5*      96%         5
 Lightning Bolt           Conj/Air       3%         1d15      96%         5
 Starburst                Conj/Fire      8%         6d4       100%        6


Dungeon Overview and Level Annotations

Branches:
Dungeon (4/15)
 Temple: D:4-7

Altars:
Uskayaw

Annotations:
D:3 Sigmund
D:4 exclusion: 2 doors


Innate Abilities, Weirdness & Mutations

You have very sharp teeth.
Your uncanny sense of smell can sniff out nearby items.
Your experience applies equally to all skills.


Message History

The yak is heavily wounded.
The yak gores you!
* * * LOW HITPOINT WARNING * * *
The yak is burned by your cloak of flames.
The yak is lightly wounded.
You closely miss the yak. Your bite misses the yak.
The yak is heavily wounded.
The yak gores you but does no damage.
The yak is burned by your cloak of flames.
The yak is lightly wounded.
The yak gores you!
* * * LOW HITPOINT WARNING * * *
The yak is burned by your cloak of flames.
The yak is severely wounded.
The yak gores you but does no damage.
The yak is burned by your cloak of flames.
The yak is moderately wounded.
You barely miss the yak.
The yak is severely wounded.
You barely miss the yak.
The yak is severely wounded.
The yak barely misses you. x2; The yak closely misses you.
You hit the yak. You burn the yak.
The yak is severely wounded.
The yak misses you. The yak completely misses you.
The yak gores you but does no damage.
The yak is burned by your cloak of flames.
The yak is heavily wounded.
You hit the yak but do no damage.
The yak is severely wounded.
You barely miss the yak.
The yak is severely wounded.
The yak gores you but does no damage.
The yak is burned by your cloak of flames.
The yak is moderately wounded.
The yak completely misses you. The yak barely misses you.
You hit the yak but do no damage.
The yak is severely wounded.
The yak gores you.
You die...

.......... .........
....... . ....Y ....
... ....#########
####+#####.....#....#
..'......#.....#....#
..#......#.....#Y...#
..#......#.....Y@...#
..##....##.....#Y#####
####'##########......#
...#..........#......#
...'..........#......#
...#..........'......#
######'###.####......#
..##....##.##.########
....................#


You could see 3 yaks.

Vanquished Creatures
  4 adders
  2 worms (D:2)
  3 dart slugs
  3 endoplasms
  4 giant cockroaches
  5 goblins
  6 hobgoblins
  4 jackals
  4 quokkas
  5 ball pythons
  7 bats
  9 frilled lizards
  3 kobolds
  6 rats
65 creatures vanquished.

Vanquished Creatures (others)
  23 foxfires
23 creatures vanquished.

Grand Total: 88 creatures vanquished

Notes
Turn   | Place    | Note
-------+----------+-------------------------------------------
     0 | D:1      | porpoise the Gnoll Cinder Acolyte began the quest for the
                  | Orb.
     0 | D:1      | Reached XP level 1. HP: 23/23 MP: 4/4
   173 | D:1      | Reached XP level 2. HP: 27/29 MP: 5/5
   591 | D:1      | Reached XP level 3. HP: 32/35 MP: 7/7
   938 | D:2      | Reached skill level 1 in Invocations
  1063 | D:2      | Learned a level 1 spell: Foxfire
  1066 | D:2      | Learned a level 2 spell: Scorch
  1318 | D:2      | Found the +3 hat of Pondering {ponderous, Will+ MP+10
                  | Int+5}
  1415 | D:2      | Reached skill level 1 in Long Blades
  1415 | D:2      | Reached skill level 1 in Axes
  1415 | D:2      | Reached skill level 1 in Maces & Flails
  1415 | D:2      | Reached skill level 1 in Polearms
  1415 | D:2      | Reached skill level 1 in Staves
  1415 | D:2      | Reached skill level 1 in Ranged Weapons
  1415 | D:2      | Reached skill level 1 in Throwing
  1415 | D:2      | Reached skill level 1 in Armour
  1415 | D:2      | Reached skill level 1 in Dodging
  1415 | D:2      | Reached skill level 1 in Stealth
  1415 | D:2      | Reached skill level 1 in Shields
  1415 | D:2      | Reached skill level 1 in Unarmed Combat
  1415 | D:2      | Reached skill level 1 in Evocations
  1422 | D:2      | Reached XP level 4. HP: 41/41 MP: 8/8
  1582 | D:2      | Found a hide-covered altar of Uskayaw.
  1777 | D:3      | Found a faded altar of an unknown god.
  2152 | D:3      | Reached skill level 1 in Conjurations
  2152 | D:3      | Reached skill level 1 in Hexes
  2152 | D:3      | Reached skill level 1 in Summonings
  2152 | D:3      | Reached skill level 1 in Necromancy
  2152 | D:3      | Reached skill level 1 in Translocations
  2152 | D:3      | Reached skill level 1 in Transmutations
  2152 | D:3      | Reached skill level 1 in Ice Magic
  2152 | D:3      | Reached skill level 1 in Air Magic
  2152 | D:3      | Reached skill level 1 in Earth Magic
  2152 | D:3      | Reached skill level 1 in Poison Magic
  2327 | D:3      | Noticed Sigmund
  2481 | D:4      | Noticed a yak
  2594 | D:4      | Noticed a yak
  2601 | D:4      | Noticed a yak
  2616 | D:4      | HP: 1/41 [yak (12)]
  2622 | D:4      | Slain by a yak

Illustrated notes

Levels and vault maps discovered:
D:1:      dpeg_arrival_rooms_b, layout_basic
D:2:      layout_basic, minmay_hexomino_r4
D:3:      layout_basic, dreamdust_ecumenical_altar_grove, uniq_sigmund
D:4:      kennysheep_goblin_castle, layout_gridville, nzn_wu_jian_council_hall

Skill      XL: |  1  2  3  4 |
---------------+-------------+-----
Invocations    | 1 |  1.5
Long Blades    | 1 |  1.3
Axes           | 1 |  1.3
Maces & Flails | 1 |  1.3
Polearms       | 1 |  1.3
Staves         | 1 |  1.3
Ranged Weapons | 1 |  1.3
Throwing       | 1 |  1.3
Armour         | 1 |  1.3
Dodging        | 1 |  1.3
Stealth        | 1 |  1.3
Shields        | 1 |  1.3
Unarmed Combat | 1 |  1.3
Evocations     | 1 |  1.3
Spellcasting   | 3 |  3.1
Conjurations   | 1 |  1.1
Hexes          | 1 |  1.1
Summonings     | 1 |  1.1
Necromancy     | 1 |  1.1
Translocations | 1 |  1.1
Transmutations | 1 |  1.1
Ice Magic      | 1 |  1.1
Air Magic      | 1 |  1.1
Earth Magic    | 1 |  1.1
Poison Magic   | 1 |  1.1
Fighting       | |  6.6
Short Blades   | |  6.6
Fire Magic     | |  5.5

Action                   |  1- 3 |  4- 6 || total
-------------------------+-------+-------++-------
Melee: Short sword       |   194 |    98 ||   292
       Bite              |    18 |     9 ||    27
       Punch             |     3 |     1 ||     4
 Fire: Sling             |    11 |       ||    11
 Cast: Foxfire           |     8 |     7 ||    15
       Scorch            |     2 |     2 ||     4
Invok: Fiery Armour      |       |     1 ||     1
 Stab: Sleeping          |       |     2 ||     2
Armor: Robe              |    13 |       ||    13
       Leather armour    |    10 |    14 ||    24
Dodge: Dodged            |    83 |    66 ||   149

Table legend: (Time is in decaauts)
 A = Elapsed time spent in this place.
 B = Non-inter-level travel time spent in this place.
 C = Inter-level travel time spent in this place.
 D = Time resting spent in this place.
 E = Time spent auto-exploring this place.
 F = Levels seen in this place.
 G = Mean time per level.
                   A        B        C        D        E       F      G
               +--------+--------+--------+--------+--------+-----+--------+
         Total |   2600 |   2506 |     94 |    585 |   1296 |   4 |  650.0 |
       Dungeon |   2600 |   2506 |     94 |    585 |   1296 |   4 |  650.0 |
               +--------+--------+--------+--------+--------+-----+--------+

Top non-repeatable levels by time:
     D:2: 895 daAuts
     D:1: 793 daAuts
     D:3: 623 daAuts
     D:4: 287 daAuts
